 Dungeon Crawl Stone Soup version 0.30.1-11-g7821555f0a (webtiles) character file.

Game seed: 2064169587052614328

9335 PedoSlayer the Thaumaturge (level 11, 0/83 HPs)
             Began as a Gnoll Fire Elementalist on Nov 12, 2023.
             Was a High Priest of Jiyva.
             Slain by a brown ugly thing (15 damage)
             ... on level 8 of the Dungeon.
             The game lasted 00:41:40 (6916 turns).

PedoSlayer the Thaumaturge (GnFE)                   Turns: 6916, Time: 00:41:40

Health: 0/83       AC:  1    Str: 12    XL:     11   Next: 44%
Magic:  0/23       EV: 17    Int: 14    God:    Jiyva [*****.]
Gold:   96         SH:  0    Dex: 19    Spells: 4/26 levels left

rFire   . . .        m - +2 quarterstaff (chaos)
rCold   . . .        (shield currently unavailable)
rNeg    . . .        a - +0 robe
rPois   .            (no helmet)
rElec   .            (no cloak)
rCorr   +            (no gloves)
SInv    +            (no boots)
Will    .....        v - amulet of guardian spirit
Stlth   ++++         f - ring of see invisible
HPRegen 1.77/turn    i - +6 ring of dexterity
MPRegen 0.63/turn

%: clarity, guardian spirit
@: mighty
A: fangs 3, strong nose, distributed training, clarity, pseudopods 1, jelly
sensing items, jelly absorbing missiles, engulf
a: Renounce Religion, Oozemancy, Slimify


You were on level 8 of the Dungeon.
You worshipped Jiyva.
Jiyva was extremely pleased with you.
You visited 1 branch of the dungeon, and saw 8 of its levels.
You also visited: Ossuary.

You collected 242 gold pieces.
You spent 146 gold pieces at shops.

Inventory:

Hand Weapons
 m - a +2 quarterstaff of chaos (weapon)
 y - a +0 arbalest
Missiles
 h - a throwing net (quivered)
 z - 4 atropa-tipped darts
Armour
 a - a +0 robe (worn)
Jewellery
 b - a ring of protection from cold
 f - a ring of see invisible (left hand)
 i - a +6 ring of dexterity (right hand)
 k - a ring of magical power
 v - an amulet of guardian spirit (around neck)
Wands
 n - a wand of flame (27)
 A - a wand of charming (10)
Scrolls
 d - a scroll of identify
 s - a scroll of magic mapping
 t - a scroll of fog
 x - 2 scrolls of fear {unknown}
 B - a scroll of immolation {unknown}
Potions
 c - 3 potions of curing
 g - 3 potions of flight
 j - 2 potions of ambrosia
 l - 6 potions of degeneration
 o - 3 potions of attraction
 q - a potion of invisibility {unknown}
 r - 3 potions of brilliance
 u - a potion of berserk rage {unknown}
 w - a potion of experience {unknown}


   Skills:
 + Level 6.5 Fighting
 + Level 6.5 Short Blades
 + Level 6.5 Long Blades
 + Level 6.5 Axes
 + Level 6.5 Maces & Flails
 + Level 6.5 Polearms
 + Level 6.5 Staves
 + Level 6.5 Ranged Weapons
 + Level 6.5 Throwing
 + Level 6.5 Armour
 + Level 8.1 Dodging
 + Level 7.8 Stealth
 + Level 6.5 Shields
 + Level 6.5 Unarmed Combat
 + Level 8.3 Spellcasting
 + Level 5.9 Conjurations
 + Level 5.4 Hexes
 + Level 5.4 Summonings
 + Level 5.4 Necromancy
 + Level 5.4 Translocations
 + Level 5.4 Transmutations
 + Level 7.8 Fire Magic
 + Level 5.4 Ice Magic
 + Level 5.4 Air Magic
 + Level 5.4 Earth Magic
 + Level 5.4 Poison Magic
 + Level 7.2 Invocations
 + Level 6.5 Evocations


You had 4 spell levels left.
You knew the following spells:

 Your Spells              Type           Power      Damage    Failure   Level
a - Foxfire               Conj/Fire      100%       2x1d9     1%          1
b - Scorch                Fire           54%        2d7       1%          2
c - Inner Flame           Hex/Fire       24%        N/A       2%          3
d - Volatile Blastmotes   Fire/Tloc      48%        2d14      2%          3
e - Flame Wave            Conj/Fire      25%        2d8       8%          4
f - Olgreb's Toxic Radia  Pois           21%        N/A       13%         4
g - Freezing Cloud        Conj/Ice/Air   10%        6-21      34%         5

Your spell library contained the following spells:

 Spells                   Type           Power      Damage    Failure   Level
 Hailstorm                Conj/Ice       21%        3d6       3%          3
 Ice Form                 Ice/Tmut       21%        N/A       13%         4
 Summon Cactus Giant      Summ           10%        N/A       90%         6
 Discord                  Hex            10%        N/A       100%        8
 Ignition                 Fire           13%        3d6       100%        8


Dungeon Overview and Level Annotations

Branches:
Dungeon (8/15)             Temple (0/1) D:5            Lair (0/5) D:8
Ossuary (visited)

Altars:
Ashenzari
Elyvilon
Gozag
Hepliaklqana
Makhleb
Okawaru
Qazlal
Ru
Uskayaw
Wu Jian
Yredelemnul
Zin
The Shining One
Jiyva

Shops:
D:3 ?   D:7 !

Annotations:
D:8 1 runed translucent door


Innate Abilities, Weirdness & Mutations

You have razor-sharp teeth.
Your uncanny sense of smell can sniff out nearby items.
Your experience applies equally to all skills.
You possess an exceptional clarity of mind.
Armour fits poorly on your pseudopods.
You have a small jelly attached to you that senses nearby items.
You have a small jelly attached to you that may absorb projectiles.
Your melee attacks may engulf your foes in ooze.


Message History

A deep elf pyromancer comes into view. It is wielding a +3 heavy great mace.
You hear a distant slurping noise.
You now have 96 gold pieces (gained 15).
You hear a distant slurping noise.
You swap places.
A brown ugly thing comes into view.
The deep elf pyromancer casts a spell.
The deep elf pyromancer blinks!
You hear a distant slurping noise.
The brown ugly thing headbutts you!
You are splashed with acid.
You resist.
The brown ugly thing closely misses you.
The brown ugly thing attacks as you move away!
The brown ugly thing headbutts you!
You are splashed with acid.
You resist.
* * * LOW HITPOINT WARNING * * *
Press: ? - help, v - describe, . - travel
Here: a brown ugly thing The floor.
You feel much better. The brown ugly thing headbutts you.
You are splashed with acid.
You resist.
Your +2 quarterstaff of chaos is briefly surrounded by a scintillating aura of random colours.
m - a +2 quarterstaff of chaos (weapon)
You feel very mighty all of a sudden. The brown ugly thing barely misses you.
You hear a distant slurping noise.
You sock the brown ugly thing!
The brown ugly thing goes berserk!
The brown ugly thing is lightly wounded.
Your rockslime dissolves into a puddle of slime!
The brown ugly thing headbutts you!
* * * LOW HITPOINT WARNING * * *
You are splashed with acid.
You resist.
* * * LOW HITPOINT WARNING * * *
The brown ugly thing headbutts you.
* * * LOW HITPOINT WARNING * * *
You are splashed with acid.
You resist.
* * * LOW HITPOINT WARNING * * *
Okay, then.
You sock the brown ugly thing!
The brown ugly thing is moderately wounded.
The brown ugly thing headbutts you!!
You die...

.........####..##..##.###.#.##..#
#......#.##..##..##..#####..#.###
#......#.####..##..###.#####....#
#...P.J#.##).##..####†#.## ####.#
#......#.####..####..###.## ##.
.....P...##..####.#∆## ##.######.
.....##..######.#.#)# ##......#
.....##..####.#.#.#.## ##.#######
....###..##.....@u...###.## ****
..### #..####.#.#.#.###.## *,,*
.## ##....###.#.#.##.##******,*
..## ####...###.#.####**,,**∆,*
...## #.......###..***,,***∆∆,*
....## #...##....###,,,,,*∆∆∆*,*
J..^.####<..##.#....####,,∆∆***,*
.......................###,,*,,,*
.....####...#..#..####JJJ###*,,,*


You could see a brown ugly thing (berserk).

Vanquished Creatures
  2 centaur warriors (D:8)
  A hydra (D:8)
  A tengu warrior (D:8)
  Pikel (D:5)
  A deep elf pyromancer (D:8)
  A gargoyle (D:8)
  Maggie (D:7)
  2 hornets (D:8)
  A yak (D:8)
  2 steam dragons (D:8)
  Duvessa (D:6)
  2 orc warriors
  3 sky beasts
  2 ice beasts
  3 black bears
  3 centaurs (D:8)
  2 lemures (D:5)
  2 kobold brigands (D:8)
  3 bullfrogs
  2 scorpions
  11 wights
  Dowan (D:6)
  11 killer bees (D:8)
  3 centaur zombies (Ossuary)
  A howler monkey (D:7)
  A human zombie (Ossuary)
  2 hounds
  3 orc priests (D:8)
  3 sleepcaps
  2 iguanas (D:6)
  2 orc wizards
  A mummy (Ossuary)
  9 adders
  A shadow imp (D:6)
  A white imp (D:7)
  An ufetubus (D:6)
  An adder zombie (Ossuary)
  A worm (D:4)
  2 dart slugs
  13 orcs
  2 giant cockroaches
  11 goblins
  9 hobgoblins
  7 kobolds
  2 quokkas
  10 ball pythons
  3 bats
  2 frilled lizards
  6 hobgoblin zombies (Ossuary)
  2 jackal zombies (Ossuary)
  9 kobold zombies (Ossuary)
  11 orc zombies (Ossuary)
  6 rats
  3 rat zombies (Ossuary)
189 creatures vanquished.

Vanquished Creatures (collateral kills)
  A catoblepas (D:8)
  A gargoyle (D:8)
  A komodo dragon (D:8)
  An orc warrior (D:8)
  An ogre (D:6)
5 creatures vanquished.

Vanquished Creatures (others)
  A deep elf pyromancer (D:8)
  A slime creature (D:8)
  A hound (D:5)
  Crazy Yiuf (D:2)
  12 jellies
  An iguana (D:5)
  3 orc wizards
  A mummy (Ossuary)
  3 adders
  A white imp (D:7)
  An ufetubus (D:4)
  A worm (D:2)
  9 orcs
  A bat (D:2)
  An endoplasm (D:3)
  A hobgoblin (D:1)
  3 ball pythons (D:4)
  A goblin zombie (Ossuary)
  A kobold zombie (Ossuary)
  A rat (D:3)
  66 foxfires
111 creatures vanquished.

Grand Total: 305 creatures vanquished

Notes
Turn   | Place    | Note
-------+----------+-------------------------------------------
     0 | D:1      | PedoSlayer the Gnoll Fire Elementalist began the quest for
                  | the Orb.
     0 | D:1      | Reached XP level 1. HP: 13/13 MP: 6/6
   102 | D:1      | Reached XP level 2. HP: 19/19 MP: 1/7
   105 | D:1      | Learned a level 2 spell: Scorch
   383 | D:2      | Found a faded altar of an unknown god.
   387 | D:2      | Prayed at the altar of an unknown god.
   387 | D:2      | Became a worshipper of Jiyva Joluusuy the Shapeless
   387 | D:2      | Reached * piety under Jiyva
   440 | D:2      | Found a runed translucent door.
   501 | D:2      | Reached skill level 5 in Spellcasting
   501 | D:2      | Reached XP level 3. HP: 25/25 MP: 5/9
   583 | D:2      | Reached skill level 1 in Invocations
   597 | D:2      | Learned a level 3 spell: Inner Flame
   601 | D:2      | Learned a level 3 spell: Volatile Blastmotes
   628 | D:2      | Reached skill level 1 in Fighting
   628 | D:2      | Reached skill level 1 in Short Blades
   628 | D:2      | Reached skill level 1 in Long Blades
   628 | D:2      | Reached skill level 1 in Axes
   628 | D:2      | Reached skill level 1 in Maces & Flails
   628 | D:2      | Reached skill level 1 in Polearms
   628 | D:2      | Reached skill level 1 in Staves
   628 | D:2      | Reached skill level 1 in Ranged Weapons
   628 | D:2      | Reached skill level 1 in Throwing
   628 | D:2      | Reached skill level 1 in Armour
   628 | D:2      | Reached skill level 1 in Shields
   628 | D:2      | Reached skill level 1 in Unarmed Combat
   628 | D:2      | Reached skill level 1 in Evocations
   638 | D:2      | Reached ** piety under Jiyva
   915 | D:2      | Noticed Crazy Yiuf
   923 | D:2      | Killed Crazy Yiuf
   924 | D:2      | Reached XP level 4. HP: 32/32 MP: 7/11
   995 | D:1      | Reached skill level 1 in Hexes
   995 | D:1      | Reached skill level 1 in Summonings
   995 | D:1      | Reached skill level 1 in Necromancy
   995 | D:1      | Reached skill level 1 in Translocations
   995 | D:1      | Reached skill level 1 in Transmutations
   995 | D:1      | Reached skill level 1 in Ice Magic
   995 | D:1      | Reached skill level 1 in Air Magic
   995 | D:1      | Reached skill level 1 in Earth Magic
   995 | D:1      | Reached skill level 1 in Poison Magic
  1482 | D:2      | Learned a level 4 spell: Flame Wave
  1538 | D:3      | Found Paedwip's Magic Scroll Boutique.
  1544 | D:3      | Bought a scroll of identify for 22 gold pieces
  1544 | D:3      | Bought a scroll of identify for 22 gold pieces
  1544 | D:3      | Bought a scroll of identify for 22 gold pieces
  1685 | D:3      | Reached *** piety under Jiyva
  1690 | D:3      | Found a basalt altar of Yredelemnul.
  1981 | D:3      | Reached XP level 5. HP: 37/37 MP: 8/12
  1984 | D:3      | Gained mutation: You have a small jelly attached to you
                  | that senses nearby items. [Jiyva's grace]
  1984 | D:3      | Gained mutation: Armour fits poorly on your pseudopods.
                  | [Jiyva's grace]
  1984 | D:3      | Gained mutation: Armour fits poorly on your large
                  | pseudopods. [Jiyva's grace]
  1984 | D:3      | Gained mutation: Armour fits poorly on your massive
                  | pseudopods. [Jiyva's grace]
  2262 | D:4      | Reached **** piety under Jiyva
  2292 | D:4      | Found a glowing golden altar of the Shining One.
  2352 | D:4      | Found a sacrificial altar of Ru.
  2428 | D:4      | Found a broken altar of Ashenzari.
  2582 | D:4      | Reached ***** piety under Jiyva
  2996 | D:5      | Entered Level 5 of the Dungeon
  3006 | D:5      | Noticed a lemure
  3032 | D:5      | Noticed Pikel
  3036 | D:5      | Noticed a lemure
  3036 | D:5      | Noticed a lemure
  3036 | D:5      | Noticed a lemure
  3047 | D:5      | Killed a lemure
  3047 | D:5      | Killed a lemure
  3067 | D:5      | Killed Pikel
  3068 | D:5      | Reached skill level 5 in Dodging
  3068 | D:5      | Reached skill level 5 in Stealth
  3068 | D:5      | Reached XP level 6. HP: 39/46 MP: 3/14
  3068 | D:5      | Reached XP level 7. HP: 43/51 MP: 3/15
  3284 | D:5      | Found a staircase to the Ecumenical Temple.
  3414 | D:5      | Found an iron altar of Okawaru.
  3427 | D:5      | Lost mutation: Armour fits poorly on your massive
                  | pseudopods. [Jiyva's grace]
  3427 | D:5      | Lost mutation: Armour fits poorly on your large pseudopods.
                  | [Jiyva's grace]
  3427 | D:5      | Gained mutation: You possess an exceptional clarity of
                  | mind. [Jiyva's grace]
  3427 | D:5      | Gained mutation: Your melee attacks may engulf your foes in
                  | ooze. [Jiyva's grace]
  3427 | D:5      | Gained mutation: You have large cloven feet. [Jiyva's
                  | grace]
  3427 | D:5      | Gained mutation: You have hoof-like feet. [Jiyva's grace]
  3438 | D:5      | Reached XP level 8. HP: 49/58 MP: 10/16
  3456 | D:5      | Found a hide-covered altar of Uskayaw.
  3916 | D:6      | Noticed Dowan
  3924 | D:6      | Noticed Duvessa
  3933 | D:6      | Killed Duvessa
  3971 | D:6      | Found an ornate altar of the Wu Jian Council.
  3977 | D:6      | Killed Dowan
  4024 | D:6      | Found a hazy altar of Hepliaklqana.
  4033 | D:6      | Found a glowing silver altar of Zin.
  4083 | D:6      | Learned a level 4 spell: Olgreb's Toxic Radiance
  4622 | D:7      | Noticed Maggie
  4635 | D:7      | Killed Maggie
  4636 | D:7      | Reached XP level 9. HP: 30/65 MP: 3/18
  4738 | D:7      | Found a white marble altar of Elyvilon.
  4780 | D:7      | Found a stormy altar of Qazlal.
  4935 | D:7      | Found a burning altar of Makhleb.
  5082 | D:7      | Found Weacwuut's Distillery.
  5093 | D:7      | Bought a potion of heal wounds for 80 gold pieces
  5220 | D:7      | Lost mutation: You have hoof-like feet. [Jiyva's grace]
  5220 | D:7      | Lost mutation: You have large cloven feet. [Jiyva's grace]
  5220 | D:7      | Lost mutation: Your melee attacks may engulf your foes in
                  | ooze. [Jiyva's grace]
  5220 | D:7      | Gained mutation: You have a small jelly attached to you
                  | that may absorb projectiles. [Jiyva's grace]
  5220 | D:7      | Gained mutation: Your melee attacks may engulf your foes in
                  | ooze. [Jiyva's grace]
  5220 | D:7      | Gained mutation: You have extremely sharp teeth. [Jiyva's
                  | grace]
  5220 | D:7      | Gained mutation: You have razor-sharp teeth. [Jiyva's
                  | grace]
  5360 | D:8      | Reached skill level 5 in Invocations
  5462 | D:8      | Reached ****** piety under Jiyva
  5466 | D:8      | Found a sand-covered staircase.
  5476 | Ossuary  | Entered an ossuary
  5835 | D:8      | Found an opulent altar of Gozag.
  5943 | D:8      | Found a runed translucent door.
  5943 | D:8      | Noticed a centaur warrior
  5943 | D:8      | Noticed a five-headed hydra
  5943 | D:8      | Noticed a centaur warrior
  5943 | D:8      | Noticed a gargoyle
  5944 | D:8      | Noticed a deep elf pyromancer
  5944 | D:8      | Found a runed translucent door.
  5946 | D:8      | Noticed a hornet
  5947 | D:8      | Found a runed translucent door.
  6015 | D:8      | Noticed a komodo dragon
  6034 | D:8      | Reached skill level 5 in Fighting
  6034 | D:8      | Reached skill level 5 in Short Blades
  6034 | D:8      | Reached skill level 5 in Long Blades
  6034 | D:8      | Reached skill level 5 in Axes
  6034 | D:8      | Reached skill level 5 in Maces & Flails
  6034 | D:8      | Reached skill level 5 in Polearms
  6034 | D:8      | Reached skill level 5 in Staves
  6034 | D:8      | Reached skill level 5 in Ranged Weapons
  6034 | D:8      | Reached skill level 5 in Throwing
  6034 | D:8      | Reached skill level 5 in Armour
  6034 | D:8      | Reached skill level 5 in Shields
  6034 | D:8      | Reached skill level 5 in Unarmed Combat
  6034 | D:8      | Reached skill level 5 in Evocations
  6034 | D:8      | Reached XP level 10. HP: 39/74 MP: 5/20
  6276 | D:8      | Found a staircase to the Lair.
  6291 | D:8      | Got Sif Muna's Incunabulum of Hypothermia
  6299 | D:8      | Learned a level 5 spell: Freezing Cloud
  6355 | D:8      | Identified the +4 ring mail of Courage {Fly Will- rCorr
                  | Dex+4}
  6620 | D:8      | Killed a centaur warrior
  6621 | D:8      | Reached skill level 5 in Conjurations
  6621 | D:8      | Killed a centaur warrior
  6621 | D:8      | Killed a deep elf pyromancer
  6623 | D:8      | Killed a five-headed hydra
  6624 | D:8      | Reached skill level 5 in Hexes
  6624 | D:8      | Reached skill level 5 in Summonings
  6624 | D:8      | Reached skill level 5 in Necromancy
  6624 | D:8      | Reached skill level 5 in Translocations
  6624 | D:8      | Reached skill level 5 in Transmutations
  6624 | D:8      | Reached skill level 5 in Ice Magic
  6624 | D:8      | Reached skill level 5 in Air Magic
  6624 | D:8      | Reached skill level 5 in Earth Magic
  6624 | D:8      | Reached skill level 5 in Poison Magic
  6624 | D:8      | Reached XP level 11. HP: 60/81 MP: 7/22
  6854 | D:8      | Noticed a tengu warrior
  6860 | D:8      | Killed a tengu warrior
  6860 | D:8      | Noticed a catoblepas
  6868 | D:8      | Killed a catoblepas
  6882 | D:8      | Noticed a boulder beetle
  6898 | D:8      | Slimified a boulder beetle
  6898 | D:8      | a boulder beetle changed into an acid blob
  6898 | D:8      | Noticed an acid blob
  6905 | D:8      | Noticed a deep elf pyromancer
  6908 | D:8      | Noticed a brown ugly thing
  6912 | D:8      | Killed a deep elf pyromancer
  6916 | D:8      | Slain by a brown ugly thing

Illustrated notes

Levels and vault maps discovered:
D:1:      beargit_arrival_greenhouse, layout_basic, serial_forest,
          infiniplex_forest_zigzag_1, infiniplex_forest_lined_corner,
          infiniplex_forest_clump_cross, infiniplex_forest_straight_2,
          minmay_surrounded
D:2:      layout_basic, hellmonk_ecumenical_altar_heavens_door,
          uniq_crazy_yiuf_cottage
D:3:      layout_basic, mainiacjoe_overflow_surrounded_room, serial_shops,
          shop_statue
D:4:      layout_basic, nicolae_overflow_crystal_walls,
          mainiacjoe_overflow_24_doors, mainiacjoe_overflow_boulevard,
          serial_glass, glass_columns_a, glass_columns_a, dk_noncrumbling_3,
          minmay_snake_closets
D:5:      layout_basic, mainiacjoe_overflow_chevrons,
          kennysheep_okawaru_gauntlet, minmay_temple_entry_hall,
          minmay_stone_trees_small, minmay_misc_feat_iff,
          minmay_misc_feat_diagonals, uniq_pikel
D:6:      layout_basic, old_standard_altar, mainiacjoe_overflow_catwalk_spiral,
          uniq_duvessa
D:7:      layout_basic, elyvilon_altar_3, mainiacjoe_overflow_alcove_4,
          grunt_qazlal_clouds, serial_shops, nicolae_shop_tiny_glass,
          uniq_maggie
D:8:      minmay_the_grid_triangle_9x9_rhombus_full
          [minmay_the_grid_triangle_9x9_sprig,
          minmay_the_grid_triangle_9x9_corruption,
          minmay_the_grid_triangle_9x9_fully_insulated_deathbox,
          minmay_the_grid_triangle_9x9_wacky_v,
          minmay_the_grid_triangle_9x9_stretched_checkered,
          minmay_the_grid_triangle_9x9_skeleton,
          minmay_the_grid_triangle_9x9_minimal,
          minmay_the_grid_triangle_9x9_prize_schism], layout_loops_corners,
          nicolae_gozag_cash_rules_everything_around_me,
          grunt_lair_entry_orc_guard_hut, chequers_ossuary_entry_cave

Skill      XL: |  1  2  3  4  5  6  7  8  9 10 11 |
---------------+----------------------------------+-----
Conjurations   | 2 3 4 5 |  5.9
Spellcasting   | 5 6 7 8 |  8.3
Invocations    | 1 3 4 5 6 7 |  7.2
Fighting       | 1 2 3 4 5 6 |  6.5
Short Blades   | 1 2 3 4 5 6 |  6.5
Long Blades    | 1 2 3 4 5 6 |  6.5
Axes           | 1 2 3 4 5 6 |  6.5
Maces & Flails | 1 2 3 4 5 6 |  6.5
Polearms       | 1 2 3 4 5 6 |  6.5
Staves         | 1 2 3 4 5 6 |  6.5
Ranged Weapons | 1 2 3 4 5 6 |  6.5
Throwing       | 1 2 3 4 5 6 |  6.5
Armour         | 1 2 3 4 5 6 |  6.5
Shields        | 1 2 3 4 5 6 |  6.5
Unarmed Combat | 1 2 3 4 5 6 |  6.5
Evocations     | 1 2 3 4 5 6 |  6.5
Hexes          | 1 2 3 4 5 |  5.4
Summonings     | 1 2 3 4 5 |  5.4
Necromancy     | 1 2 3 4 5 |  5.4
Translocations | 1 2 3 4 5 |  5.4
Transmutations | 1 2 3 4 5 |  5.4
Ice Magic      | 1 2 3 4 5 |  5.4
Air Magic      | 1 2 3 4 5 |  5.4
Earth Magic    | 1 2 3 4 5 |  5.4
Poison Magic   | 1 2 3 4 5 |  5.4
Dodging        | 5 6 7 8 |  8.1
Stealth        | 5 6 7 |  7.8
Fire Magic     | 6 7 |  7.8

Action                     |  1- 3 |  4- 6 |  7- 9 | 10-12 || total
---------------------------+-------+-------+-------+-------++-------
  Melee: Quarterstaff      |       |    17 |    72 |     3 ||    92
         Pseudopods        |       |     1 |    12 |       ||    13
         Bite              |       |     1 |    12 |       ||    13
         Kick              |       |       |     9 |       ||     9
   Fire: Arbalest          |       |       |    14 |    32 ||    46
  Throw: Boomerang         |       |    33 |    38 |       ||    71
         Throwing net      |       |       |     1 |       ||     1
   Cast: Foxfire           |    13 |     7 |    15 |     4 ||    39
         Scorch            |    20 |    36 |    53 |    17 ||   126
         Volatile Blastmot |       |     3 |     6 |       ||     9
         Inner Flame       |       |     2 |     5 |     2 ||     9
         Flame Wave        |       |     1 |     9 |     7 ||    17
 Invoke: Oozemancy         |       |       |     1 |     2 ||     3
         Slimify           |       |       |       |     1 ||     1
  Evoke: Wand              |       |       |     1 |     1 ||     2
    Use: Scroll            |     1 |     6 |     5 |     2 ||    14
         Potion            |       |     2 |     1 |     3 ||     6
   Stab: Sleeping          |       |     1 |       |       ||     1
         Petrified         |       |       |     3 |       ||     3
         Petrifying        |       |       |     1 |       ||     1
         Distracted        |       |       |     1 |       ||     1
 Armour: Robe              |     5 |     4 |    17 |     1 ||    27
  Dodge: Dodged            |    17 |    45 |   149 |    42 ||   253
